Map: Ulrena

Players

ShoWTimE - Winner!

  • Race: Protoss Protoss
  • League: Master

Lilbow

  • Race: Protoss Protoss
  • League: Grandmaster

Event: DreamHack ZOWIE Open Leipzig

VOD

Have the link to the VOD?

Description

Time

  • Played on: Jan. 22, 2016, 2:41 p.m.
  • Length: 7:00

All games in this series

Show
View Real Time Build Order
Export as new Build Order

ShoWTimE Protoss - Winner!

Build Orders:  

Get SALT Encoding   

  12  0:00  Probe (Chrono Boost)  
  13  0:11  Probe (Chrono Boost)  
  14  0:17  Pylon  
  14  0:22  Probe (Chrono Boost)  
  15  0:36  Probe (Chrono Boost), Gateway  
  15  0:42  Assimilator  
  16  0:46  Probe (Chrono Boost)  
  17  0:51  Assimilator  
  18  0:57  Probe (Chrono Boost)  
  18  1:04  Gateway  
  18  1:08  Probe (Chrono Boost)  
  19  1:19  Probe (Chrono Boost)  
  19  1:23  Cybernetics Core  
  20  1:29  Probe (Chrono Boost)  
  21  1:37  Pylon  
  22  1:40  Probe (Chrono Boost)  
  22  1:50  Probe (Chrono Boost)  
  23  2:01  Stalker (Chrono Boost), Warp Gate  
  25  2:03  Mothership Core (Chrono Boost)  
  27  2:12  Stalker (Chrono Boost)  
  29  2:18  Pylon  
  29  2:22  Probe (Chrono Boost)  
  30  2:36  Stalker (Chrono Boost)  
  34  2:44  Stalker (Chrono Boost)  
  36  3:06  Sentry (Chrono Boost)  
  36  3:11  Nexus  
  38  3:14  Sentry (Chrono Boost)  
  38  3:17  Pylon  
  38  3:21  Probe  
  39  3:35  Probe  
  40  3:47  Mothership Core  
  40  3:51  Robotics Facility  
  40  4:04  Twilight Council  
  40  4:08  Probe (Chrono Boost)  
  41  4:20  Probe (Chrono Boost)  
  42  4:25  Sentry  
  42  4:26  Zealot  
  42  4:27  Probe (Chrono Boost)  
  42  4:30  Probe (Chrono Boost)  
  48  4:38  Probe (Chrono Boost)  
  45  4:41  Probe (Chrono Boost)  
  46  4:46  Immortal  
  46  4:48  Probe (Chrono Boost)  
  46  4:49  Stalker  
  46  4:52  Probe (Chrono Boost)  
  48  4:54  Stalker  
  48  4:59  Probe (Chrono Boost)  
  51  5:01  Pylon  
  51  5:07  Pylon  
  47  5:20  Stalker x2  
  41  5:30  Probe x2 (Chrono Boost)  
  39  5:36  Immortal (Chrono Boost)  
  39  5:40  Probe x2 (Chrono Boost)  
  45  5:47  Assimilator  
  45  5:48  Assimilator  
  45  5:49  Sentry  
  47  5:51  Probe (Chrono Boost)  
  47  5:52  Probe (Chrono Boost)  
  49  5:57  Zealot  
  49  6:01  Probe (Chrono Boost)  
  52  6:07  Pylon  
  52  6:09  Probe (Chrono Boost)  
  52  6:10  Pylon  
  53  6:12  Sentry  
  53  6:15  Probe  
  52  6:27  Sentry  
  52  6:30  Gateway  
  54  6:37  Zealot  
  60  6:41  Pylon  
  60  6:44  Probe  
  60  6:45  Probe  
  62  6:51  Zealot  
Show
View Real Time Build Order
Export as new Build Order

Lilbow Protoss 

Build Orders:  

Get SALT Encoding   

  12  0:00  Probe (Chrono Boost)  
  13  0:11  Probe (Chrono Boost)  
  14  0:18  Pylon  
  14  0:22  Probe (Chrono Boost)  
  15  0:36  Probe (Chrono Boost), Gateway  
  15  0:42  Assimilator  
  16  0:47  Probe (Chrono Boost)  
  17  0:57  Probe (Chrono Boost)  
  17  0:58  Assimilator  
  18  1:08  Probe (Chrono Boost), Gateway  
  20  1:18  Probe (Chrono Boost)  
  20  1:23  Cybernetics Core  
  20  1:29  Probe (Chrono Boost)  
  20  1:32  Pylon  
  21  1:39  Probe (Chrono Boost)  
  22  1:50  Probe (Chrono Boost)  
  23  1:59  Stalker x2, Warp Gate (Chrono Boost)  
  27  2:07  Mothership Core (Chrono Boost)  
  29  2:12  Pylon  
  29  2:30  Stalker x2  
  33  2:55  Nexus  
  33  3:02  Sentry  
  33  3:03  Sentry  
  37  3:10  Gateway  
  36  3:47  Probe, Pylon  
  37  3:50  Stalker  
  37  3:53  Gateway  
  39  4:06  Stalker x2  
  43  4:10  Stalker  
  43  4:30  Stalker x3  
  37  4:54  Stalker x3  
  37  4:58  Stalker  
  43  5:17  Stalker x2  
  31  5:35  Sentry  
  31  5:36  Zealot  
  31  5:40  Sentry, Zealot  
  39  5:45  Probe x2  
  41  5:57  Stalker  
  41  5:58  Stalker  
  41  6:00  Zealot  
  47  6:10  Stalker  
  45  6:27  Stalker  
  45  6:28  Zealot x2  
  49  6:33  Stalker  
  39  6:54  Sentry  
  39  6:55  Zealot x2  

Tags
 
Add a new tag
Caveats
  • Supply blocks, unpowered buildings, or Contaminate may cause inaccurate times.
  • Supply counts are checked every 10 seconds.